 Dungeon Crawl Stone Soup version 0.31-a0-1620-gcbf77bbcfc (webtiles) character file.

Game seed: 8012910812635175227

18 Aldia the Trooper (level 2, -2/24 HPs)
             Began as a Human Wanderer on Jan 12, 2024.
             Slain by a ribbon worm (4 damage)
             ... on level 1 of the Dungeon.
             The game lasted 00:01:14 (658 turns).

Aldia the Trooper (Human Wanderer)                   Turns: 658, Time: 00:01:14

Health: -2/24      AC:  8    Str: 12    XL:     2   Next: 70%
Magic:  2/2        EV:  8    Int: 12    God:
Gold:   42         SH:  0    Dex: 12    Spells: 1/1 levels left

rFire   . . .        a - +0 spear
rCold   . . .        (no shield)
rNeg    . . .        d - +0 scale mail
rPois   .            (no helmet)
rElec   .            (no cloak)
rCorr   .            (no gloves)
SInv    .            f - +1 pair of boots
Will    .....        (no amulet) Stlth
                     (no ring)
HPRegen 0.24/turn    (no ring)
MPRegen 0.08/turn

%: no passive effects
@: no status effects
A: explore regen
a: no special abilities


You were on level 1 of the Dungeon.
You visited 1 branch of the dungeon, and saw 2 of its levels.

You collected 42 gold pieces.

Inventory:

Hand Weapons
 a - a +0 spear (weapon)
Armour
 d - a +0 scale mail (worn)
 f - a +1 pair of boots (worn)
Scrolls
 c - a scroll of blinking
 e - a scroll of teleportation
 i - 3 scrolls of identify {unknown}
 k - a scroll of brand weapon {unknown}
 l - a scroll of enchant weapon {unknown}
Potions
 b - a potion of haste
 g - a potion of heal wounds
 h - a potion of might {unknown}
 j - a potion of enlightenment {unknown}


   Skills:
 + Level 3.2 Fighting
 * Level 2.6 Polearms
 - Level 1.0 Throwing
 + Level 1.5 Armour
 - Level 2.0 Unarmed Combat
 - Level 1.0 Invocations


You had one spell level left.
You didn't know any spells.
Your spell library was empty.

Dungeon Overview and Level Annotations

Branches:
Dungeon (2/15)

Altars:


Innate Abilities, Weirdness & Mutations

You regain HP and MP as you explore.


Message History

The ribbon worm bites you.
You hit the ribbon worm.
The ribbon worm is severely wounded.
The ribbon worm barely misses you.
You barely miss the ribbon worm.
The ribbon worm is severely wounded.
The ribbon worm barely misses you.
The ribbon worm bites you but does no damage.
You hit the ribbon worm but do no damage.
The ribbon worm is heavily wounded.
The ribbon worm bites you but does no damage.
The ribbon worm bites you!
You barely miss the ribbon worm.
The ribbon worm is heavily wounded.
The ribbon worm closely misses you. The ribbon worm bites you.
You hit the ribbon worm.
The ribbon worm is heavily wounded.
You barely miss the ribbon worm.
The ribbon worm is heavily wounded.
The ribbon worm barely misses you.
The ribbon worm bites you but does no damage.
You hit the ribbon worm.
The ribbon worm is severely wounded.
The ribbon worm expels a string of sticky webbing.
The stream of webbing misses you.
The ribbon worm expels a string of sticky webbing.
The stream of webbing hits you but does no damage.
You are caught in a web!
The ribbon worm bites you.
* * * LOW HITPOINT WARNING * * *
The ribbon worm bites you.
* * * LOW HITPOINT WARNING * * *
You hit the ribbon worm.
The ribbon worm is severely wounded.
The ribbon worm completely misses you.
Unknown command.
You hit the ribbon worm but do no damage.
The ribbon worm is severely wounded.
The ribbon worm bites you.
You die...

############# ##.....#.....##
##.............##
#..........ww...#
#..........)@...#
#...............#
#...............#
#####...............#########
..................).........#####
##.###.............######..###...
#...##......)....## ###.......##
###.#######..########....#######
#..######..#..........#..##...


You could see 2 ribbon worms.

Vanquished Creatures
  A dart slug (D:1)
  2 ball pythons (D:1)
  3 endoplasms
  A goblin (D:2)
  2 jackals (D:1)
  A quokka (D:1)
  A frilled lizard (D:1)
  3 kobolds
  2 rats (D:1)
16 creatures vanquished.

Notes
Turn   | Place    | Note
-------+----------+-------------------------------------------
     0 | D:1      | Aldia the Human Wanderer began the quest for the Orb.
     0 | D:1      | Aldia set off with the following items: a +0 spear, a
                  | potion of haste, a scroll of blinking, a +0 scale mail, a
                  | scroll of teleportation.
     0 | D:1      | Reached XP level 1. HP: 18/18 MP: 1/1
     6 | D:1      | Noticed a hog
     6 | D:1      | Noticed an anaconda
     7 | D:1      | Noticed a swamp worm
     7 | D:1      | Noticed a black bear
   192 | D:1      | Reached XP level 2. HP: 22/24 MP: 2/2
   600 | D:1      | HP: 1/24 [frozen (3)]
   656 | D:1      | HP: 1/24 [ribbon worm (5)]
   658 | D:1      | Slain by a ribbon worm

Illustrated notes

Levels and vault maps discovered:
D:1:      onia_arrival_zoo_common, layout_rooms
D:2:      layout_basic, minmay_rat_gold_closets

Action                     || total
---------------------------++-------
  Melee: Spear             ||    78
    Use: Potion            ||     1
 Armour: Scale mail        ||    58
  Dodge: Dodged            ||    47

Table legend: (Time is in decaauts)
 A = Elapsed time spent in this place.
 B = Non-inter-level travel time spent in this place.
 C = Inter-level travel time spent in this place.
 D = Time resting spent in this place.
 E = Time spent auto-exploring this place.
 F = Levels seen in this place.
 G = Mean time per level.
                   A        B        C        D        E       F      G
               +--------+--------+--------+--------+--------+-----+--------+
         Total |    658 |    629 |     29 |     23 |    448 |   2 |  329.0 |
       Dungeon |    658 |    629 |     29 |     23 |    448 |   2 |  329.0 |
               +--------+--------+--------+--------+--------+-----+--------+

Top non-repeatable levels by time:
     D:1: 604 daAuts
     D:2: 54 daAuts
